 Dungeon Crawl Stone Soup version 0.31.0-9-g3a7656b989 (webtiles) character file.

Game seed: 17735758205488223901

48 Killerpretzel the Gusty (level 3, 16/16 HPs)
             Began as a Felid Air Elementalist on Jan 30, 2024.
             Got out of the dungeon alive.
             The game lasted 00:05:50 (1283 turns).

Killerpretzel the Gusty (Felid Air Elementalist)    Turns: 1283, Time: 00:05:50

Health: 16/16      AC:  1    Str:  4    XL:     3   Next: 50%
Magic:  7/7        EV: 18    Int: 20    God:
Gold:   18         SH:  0    Dex: 16    Spells: 5/6 levels left
                                        Lives:  0   Deaths: 1

rFire   . . .        (weapon unavailable)
rCold   . . .        (shield unavailable)
rNeg    . . .        (body armour unavailable)
rPois   .            (helmet unavailable)
rElec   .            (cloak unavailable)
rCorr   .            (gloves unavailable)
SInv    +            (boots unavailable)
Will    +....        g - amulet of faith
Stlth   ++           b - ring of willpower
HPRegen 0.22/turn    (no ring)
MPRegen 0.10/turn

%: faith
@: no status effects
A: very small, claws 1, fangs 3, see invisible, shaggy fur 1, stealthy paws, no
weapons or thrown items, no armour, multi-lived
a: no special abilities


You escaped.
You visited 1 branch of the dungeon, and saw 2 of its levels.

You collected 18 gold pieces.

Inventory:

Jewellery
 b - a ring of willpower (left paw)
 g - an amulet of faith (around neck)
Scrolls
 c - 5 scrolls of teleportation {unknown}
 d - a scroll of immolation {unknown}
 e - a scroll of fog {unknown}
 f - a scroll of revelation {unknown}
 h - a scroll of identify {unknown}


   Skills:
 + Level 3.2 Dodging
 + Level 3.3 Stealth
 + Level 2.3 Spellcasting
 + Level 1.3 Conjurations
 * Level 3.3 Air Magic


You had 5 spell levels left.
You knew the following spells:

 Your Spells              Type           Power      Damage    Failure   Level
a - Shock                 Conj/Air       44%        1d5       6%          1

Your spell library contained the following spells:

 Spells                   Type           Power      Damage    Failure   Level
 Static Discharge         Conj/Air       22%        3-4/arc   9%          2
 Swiftness                Air            15%        N/A       12%         3
 Airstrike                Air            7%         2d(2-18)  36%         4
 Summon Ice Beast         Ice/Summ       2%         N/A       41%         3
 Summon Mana Viper        Hex/Summ       2%         N/A       99%         5
 Monstrous Menagerie      Summ           1%         N/A       100%        7


Dungeon Overview and Level Annotations

Branches:
Dungeon (2/15)

Altars:

Shops:
D:1 (


Innate Abilities, Weirdness & Mutations

You have sharp claws.
You have razor-sharp teeth.
You have supernaturally acute eyesight. (SInv)
You are covered in fur. (AC +1)
Your paws help you pounce on unaware monsters.
You are incapable of wielding weapons or throwing items.
You cannot wear armour.
You gain extra lives every three experience levels.


Message History

You feel sick. The adder barely misses you.
Casting: Shock (safe; 6% risk of failure)
Confirm with . or Enter, or press ? or * to list all spells.
Aiming: Shock (safe; 6% risk of failure)
Press: ? - help, Shift-Dir - straight line, f/p - adder
Aim: an adder (heavily wounded, 48% to hit)
The zap hits the adder.
The adder is severely wounded.
* * * LOW HITPOINT WARNING * * *
You feel sick. The adder bites you.
You die...
You rejoin the land of the living...
A frilled lizard comes into view.
Casting: Shock (safe; 6% risk of failure)
Confirm with . or Enter, or press ? or * to list all spells.
Aiming: Shock (safe; 6% risk of failure)
Press: ? - help, Shift-Dir - straight line, f - frilled lizard
Aim: a frilled lizard (asleep, 100% to hit)
The zap hits the frilled lizard.
You kill the frilled lizard!
Casting: Shock (safe; 6% risk of failure)
Confirm with . or Enter, or press ? or * to list all spells.
Aiming: Shock (safe; 6% risk of failure)
Press: ? - help, Shift-Dir - straight line, f - adder
Aim: an adder (severely wounded, 48% to hit)
The zap hits the adder.
You kill the adder!
Magic restored.
You pick up a book of Beasts and begin reading...
You add the spells Summon Ice Beast, Summon Mana Viper and Monstrous Menagerie to your library.
What level of the Dungeon? (default 2, ? - help)
Things that are here:
5 stones; a +0 club; a kobold corpse
There is a stone staircase leading up here.
You climb upwards.
There is a stone staircase leading down here.
You see here a +0 dagger.
There is an open door here.
There is a staircase leading out of the dungeon here.
You have escaped!

##########.#####.#[
#..................
#.##.###.#.#####.##
#.#.## ##(.#####...
#.#.# #.......#..
#.#.# ##..####....
♣♣♣♣♣###.#.........
♣♣♣♣...#########.#
#♣@♣##.## #.#
#8.8##.# #.#
##'###.# #..
#.[##.# #.# ##.##.#
#.# #.##.# #.#
####....# ##.
#.......# ##
#.###..## #


There were no monsters in sight!

Vanquished Creatures
  An adder (D:2)
  A ribbon worm (D:2)
  3 bats
  3 endoplasms
  A giant cockroach (D:2)
  4 goblins
  2 hobgoblins (D:2)
  3 jackals (D:1)
  4 quokkas (D:2)
  A ball python (D:1)
  3 frilled lizards
  4 kobolds
  2 rats
32 creatures vanquished.

Notes
Turn   | Place    | Note
-------+----------+-------------------------------------------
     0 | D:1      | Killerpretzel the Felid Air Elementalist began the quest
                  | for the Orb.
     0 | D:1      | Reached XP level 1. HP: 9/9 MP: 4/4
   133 | D:1      | Reached skill level 1 in Conjurations
   270 | D:1      | Found Karasih's Weapon Shoppe.
   357 | D:1      | Reached XP level 2. HP: 13/13 MP: 4/6
  1012 | D:2      | Reached XP level 3. HP: 16/16 MP: 3/7
  1193 | D:2      | Slain by an adder
  1193 | D:2      | Lost a life (0 lives remaining)
  1283 | D:$      | Got out of the dungeon alive.

Illustrated notes

Levels and vault maps discovered:
D:1:      saegor_arrival_simple_b, layout_loops_ring, serial_shops, shop
D:2:      layout_rooms, dreamdust_mushroom_princess

Skill      XL: |  1  2 |
---------------+-------+-----
Conjurations   | 1 |  1.3
Stealth        | 3 |  3.3
Dodging        | 3 |  3.2
Air Magic      | 3 |  3.3
Spellcasting   | |  2.3

Action                     || total
---------------------------++-------
  Melee: Unarmed           ||    27
         Bite              ||     5
   Cast: Shock             ||    66
    Use: Potion            ||     1
 Armour: Skin              ||    10
  Dodge: Dodged            ||    33
